cohdb
Replays
Latest Replays
All Replays
Popular Replays
Top Player Replays
Match Explorer
How It Works
Community
CoH3 Stats
Reddit
Sign in to upload your games and track your stats! →
Sign in with Steam
Match 42236438
Unlisted
Match 42236438
Overview
Messages
Build Orders
End
Vickers Machine Gun Team
Construct Section Command Post
Infantry Section
Infantry Section
Selects Canadian Shock Battlegroup
Selects Attacking Spirit
Selects Canadian Shock Section
Canadian Shock Section
Construct Platoon Command Post
Vickers Machine Gun Team
6-pounder Anti-tank Gun Team
Infantry Training
Humber Armored Car
HulkSMASH
⚓️Ruby⚓
BlueSkidrow™
Nicko
0
0
Comments
sign in to comment!
No comments posted yet!